[Event "*** Titled Tuesday Blitz"]
[Site "Chess.com"]
[Date "2019.05.07"]
[Round "8"]
[White "GCamachoMartinez"]
[Black "kintoho"]
[Result "1-0"]
[WhiteElo "2397"]
[BlackElo "2548"]
[TimeControl "180+2"]
[EndTime "14:54:16 PDT"]
[Termination "GCamachoMartinez won by resignation"]

1. d4 g6 2. c4 Bg7 3. Nc3 c5 4. Nf3 cxd4 5. Nxd4 Nc6 6. e3 Nf6 7. Be2 O-O 8. O-O d5 9. cxd5 Nxd5 10. Nxd5 Qxd5 11.
Bf3 Qc5 12. Nxc6 bxc6 13. Qa4 Bb7 14. Bd2 Rab8 15. Rac1 Qb5 16. Qxb5 cxb5 17. Bxb7 Rxb7 18. Bc3 e5 19. Bb4 Rd8 20. Rfd1 Rbd7 21. Rxd7 Rxd7 22.
Rc8+ Bf8 23. Rxf8+ Kg7 24. Kf1 a5 25. Rb8 axb4 26. Rxb5 Ra7 27. Rxb4 Rxa2 28. Ke2 f5 29. Rb7+ Kf6 30. h4 h6 31. f3 g5 32. Rb6+ Kg7 33. h5 e4 34. fxe4 fxe4 35. Kf2 Ra1 36. Rg6+ Kh7 37. Re6 Rb1 38. Rxe4 Rxb2+ 39. Kf3 Rb7 40. Re6 Kg7 41. Rg6+ Kh7 42. g4 Rb1 43. Rd6 Rf1+ 44. Ke4 Rf7 45. Ke5 Rf3 46. e4 Rf4 47. Rd7+ Kg8 48. Rd6 Rxg4 49. Rxh6 Kg7 50. Rg6+ Kf7 51.
Ra6 Kg7 52. Kd5 Rg1 53. e5 Rd1+ 54. Ke6 g4 55. Kf5 Rf1+ 56. Kxg4 Re1 57. Kf5 Rf1+ 58.
Ke6 Kh6 59. Ra4 Kxh5 60. Ke7 Rb1 61. e6 Rb7+ 62. Kf6 Rb6 63. Ra5+ Kh6 64. Kf7 Rb1 65. Rf5 Rg1 66. e7 Rg7+ 67. Ke6 Kg6 68. Rf8 Kh7 69. e8=Q Rg6+ 70. Qxg6+ Kxg6 71. Rg8+ 1-0

[Event "*** Titled Tuesday Blitz"]
[Site "Chess.com"]
[Date "2019.05.07"]
[Round "8"]
[White "IIIlllII1llIl"]
[Black "vovachesss"]
[Result "1-0"]
[WhiteElo "2730"]
[BlackElo "2538"]
[TimeControl "180+2"]
[EndTime "14:54:17 PDT"]
[Termination "IIIlllII1llIl won on time"]

1. e4 e5 2. Nf3 Nc6 3. d4 exd4 4. Nxd4 Nf6 5. Nxc6 bxc6 6. e5 Qe7 7. Qe2 Nd5 8. c4 Ba6 9. Nd2 g6 10. Nf3 Bg7 11.
Bg5 Qb4+ 12. Qd2 Qxd2+ 13. Kxd2 Nb6 14. b3 O-O 15. c5 Bxf1 16. Rhxf1 Nd5 17. Rac1 Rfe8 18.
Rfe1 a5 19. Rc4 a4 20. Rxa4 Rxa4 21. bxa4 Ra8 22. Re4 Bf8 23. Rc4 Ra5 24. Nd4 Rxc5 25. Rxc5 Bxc5 26. Be3 Bb4+ 27. Kd3 Kf8 28. Bd2 Bc5 29.
g4 Ke7 30. f4 f6 31. exf6+ Kxf6 32. a5 Ke7 33. h4 Kd8 34. f5 gxf5 35. Nxf5 Bf8 36.
g5 c5 37. h5 c6 38. g6 hxg6 39. hxg6 Kc7 40. g7 Bxg7 41. Nxg7 Kb7 42. Ne8 Ka6 43. Nd6 Nb4+ 44. Kc4 Nxa2 45. Kb3 1-0

[Event "*** Titled Tuesday Blitz"]
[Site "Chess.com"]
[Date "2019.05.07"]
[Round "8"]
[White "Sebastian"]
[Black "penguingm1"]
[Result "0-1"]
[WhiteElo "2906"]
[BlackElo "2925"]
[TimeControl "180+2"]
[EndTime "14:54:19 PDT"]
[Termination "penguingm1 won by resignation"]

1. e4 e5 2. Nf3 Nc6 3. Bb5 a6 4. Ba4 Nf6 5. O-O d6 6. c3 Bd7 7. Re1 g6 8. d4 b5 9. Bb3 Bg7 10. Be3 O-O 11. Nbd2 Re8 12. h3 Qc8 13. a3 a5 14. Bc2 a4 15. Rc1 Na5 16. Bd3 c5 17. dxe5 dxe5 18. c4 b4 19. Qe2 Nh5 20. Rcd1 Qc7 21.
Qf1 Nf4 22. Bc2 Ne6 23. Bd3 Reb8 24. g3 Nd4 25. Bxd4 cxd4 26. c5 bxa3 27. bxa3 Qxc5 28. Ra1 Nb3 29. Ra2 Na5 30. Rc1 Qe7 31. Nc4 Nb3 32. Rd1 Nc5 33. Rc2 Rb3 34. Kg2 h6 35. Qe2 Rab8 36. Ne1 Be6 37. Nd2 Rxa3 38. Rdc1 Nb3 39. Rb1 Qd7 40. h4 Ra1 41. Rxa1 Nxa1 42. Rc5 Nb3 43.
Rc2 a3 44. Nc4 Qa7 45. Ra2 Nc1 46. Rxa3 Qxa3 0-1

[Event "*** Titled Tuesday Blitz"]
[Site "Chess.com"]
[Date "2019.05.07"]
[Round "8"]
[White "hansen"]
[Black "eldur16"]
[Result "1-0"]
[WhiteElo "2778"]
[BlackElo "2568"]
[TimeControl "180+2"]
[EndTime "14:54:19 PDT"]
[Termination "hansen won on time"]

1. e4 c5 2. Nf3 e6 3. d4 cxd4 4. Nxd4 Nc6 5. Nc3 Qc7 6. Be3 a6 7. Qd2 Nf6 8. O-O-O Be7 9. f3 b5 10. Bf4 Ne5 11. Kb1 b4 12. Na4 O-O 13. h4 d5 14.
exd5 Nxd5 15. Bxe5 Qxe5 16. Nc6 Qc7 17. Nxe7+ Qxe7 18. Bc4 Bb7 19. Qg5 Qc7 20. b3 Bc6 21. Bxd5 Bxd5 22. Rd4 h6 23. Qd2 a5 24. Rg4 f5 25. Rd4 Rac8 26. Rd1 Kh7 27. h5 Rb8 28. Qd3 Qg3 29. Nc5 Rf7 30. Qe2 Rc8 31. Nxe6 Bxe6 32. Qxe6 Rcc7 33. Qe2 Rfe7 34. Qd3 Re5 35. Rd5 Rc3 36. Qd2 Rxd5 37. Qxd5 Qg5 38. g4 fxg4 39. Qe4+ Kg8 40. Qa8+ Kh7 41. Qe4+ Kg8 42. fxg4 Rc7 43. Qe8+ Kh7 44. Rd8 1-0

[Event "*** Titled Tuesday Blitz"]
[Site "Chess.com"]
[Date "2019.05.07"]
[Round "8"]
[White "Caisachess"]
[Black "SwamiChaturanga"]
[Result "1-0"]
[WhiteElo "2331"]
[BlackElo "2016"]
[TimeControl "180+2"]
[EndTime "14:54:23 PDT"]
[Termination "Caisachess won by resignation"]

1. e4 c5 2. c3 d6 3. d4 Nd7 4. Bd3 g6 5. Nf3 Bg7 6. O-O a6 7. a4 Qc7 8. Qe2 b6 9. Bf4 Bb7 10. Re1 e5 11. dxe5 dxe5 12. Bg3 Ne7 13. Nbd2 O-O 14.
Rad1 Bc6 15. a5 b5 16. b4 Rae8 17. Bc2 h6 18. Nf1 Qb7 19. Ne3 f5 20. exf5 gxf5 21. Bh4 Ng6 22. Nxf5 Nf4 23. Qe3 Nf6 24. Nxg7 Qxg7 25.
Bg3 Ng4 26. Qxc5 Rc8 27. Qd6 Nxg2 28. Nxe5 Nxe1 29. Qe6+ Rf7 30. Qxc8+ Qf8 31. Qxf8+ Rxf8 32. Nxg4 Nxc2 33. Rd6 Bf3 34. Ne5 Bb7 35. Rd7 Be4 36. f3 Ba8 37. Kf2 Re8 38. Rd6 Kg7 39. Rxa6 Rd8 40.
Ra7+ Kf6 41. Bh4+ Kxe5 42. Bxd8 Bc6 43. Rc7 Kd6 44. Rh7 Na3 45. Rxh6+ Kd5 46. a6 Nc4 47. a7 Ba8 48. Rh5+ 1-0

[Event "*** Titled Tuesday Blitz"]
[Site "Chess.com"]
[Date "2019.05.07"]
[Round "8"]
[White "LiamVrolijk"]
[Black "AryanTari"]
[Result "0-1"]
[WhiteElo "2514"]
[BlackElo "2873"]
[TimeControl "180+2"]
[EndTime "14:54:28 PDT"]
[Termination "AryanTari won by resignation"]

1. d4 d5 2. c4 dxc4 3. e3 e5 4. Bxc4 Nc6 5. Nf3 e4 6. Nfd2 Qg5 7. Nxe4 Qxg2 8. Ng3 Nf6 9. Nc3 Bb4 10. Bf1 Qd5 11. Bd2 Bxc3 12. bxc3 Bg4 13. Qb3 Qd7 14. Bg2 Rb8 15.
h3 Be6 16. c4 Ne7 17. d5 Bf5 18. e4 Bg6 19. e5 Nh5 20. O-O O-O 21. Qf3 Nxg3 22.
fxg3 c6 23. Bb4 Rfe8 24. Rae1 cxd5 25. cxd5 Rbd8 26. Bxe7 Qxe7 27. d6 Qg5 28. Qf4 Qxf4 29. gxf4 Bf5 30. Re3 Rxd6 31. Bxb7 Rd2 32. Rf2 Red8 33.
Ra3 R2d7 34. Bc6 Rc7 35. Bg2 h5 36. h4 Rd4 37. Kh2 Rcc4 38. Kg3 Ra4 39. Rc3 Be6 40. a3 g6 41. Bc6 Rac4 42. Rff3 Rxf4 43. Rxc4 Rxc4 44.
Bb5 Rg4+ 45. Kf2 Rxh4 0-1

[Event "*** Titled Tuesday Blitz"]
[Site "Chess.com"]
[Date "2019.05.07"]
[Round "8"]
[White "albi1999"]
[Black "Hikaru"]
[Result "0-1"]
[WhiteElo "2548"]
[BlackElo "3192"]
[TimeControl "180+2"]
[EndTime "14:54:28 PDT"]
[Termination "Hikaru won by resignation"]

1. d4 d5 2. c4 e6 3. Nf3 Nf6 4. g3 dxc4 5. Bg2 Be7 6. O-O O-O 7. Ne5 c5 8. dxc5 Qc7 9. Nxc4 Qxc5 10. b3 Rd8 11. Nbd2 Qc7 12. Bb2 Nc6 13. Rc1 Bd7 14. e3 Rac8 15. Qe2 Qb8 16. Ne4 Nd5 17. Rfd1 b5 18.
Ncd2 Be8 19. Qg4 g6 20. Qe2 b4 21. Nc4 f5 22. Ned2 Bf7 23. Nf3 Nc3 24. Bxc3 bxc3 25. Rxc3 e5 26. h4 e4 27. Ng5 Rxd1+ 28. Qxd1 Rd8 29.
Qe2 Bd5 30. Bf1 h6 31. Nh3 Bf7 32. Rc1 Nb4 33. Rd1 Nd5 34. Qe1 Bf6 35. Nf4 Nc3 36.
Rxd8+ Qxd8 37. Ne2 Nxa2 38. Nd4 Bxd4 39. exd4 Qxd4 40.
Qa5 Nc3 41. Qc7 Nd1 42. Qb8+ Kg7 43. Qe5+ Qxe5 44. Nxe5 Bxb3 45. Nc6 Ba4 46. Nxa7 Nc3 47. Nc8 Kf6 48. Nb6 Be8 49. Bc4 Ke5 50. Bb3 Bb5 51. Bc4 Be8 52. Bb3 Kd4 53. Nc4 Bf7 54. Nd2 Bxb3 55. Nxb3+ Kd3 56. Nc5+ Ke2 57. Ne6 Nd1 58. Nf4+ Kf3 59. Nxg6 Nxf2 60. Ne5+ Kxg3 0-1

[Event "*** Titled Tuesday Blitz"]
[Site "Chess.com"]
[Date "2019.05.07"]
[Round "8"]
[White "EfrenRamos1"]
[Black "FearlessKing64"]
[Result "1-0"]
[WhiteElo "2345"]
[BlackElo "2231"]
[TimeControl "180+2"]
[EndTime "14:54:28 PDT"]
[Termination "EfrenRamos1 won by resignation"]

1. Nf3 c5 2. c4 Nc6 3. d4 cxd4 4.
Nxd4 Nf6 5. Nc3 d5 6. Nxc6 bxc6 7.
cxd5 cxd5 8. e3 e6 9. Bb5+ Bd7 10. Qa4 Be7 11. O-O O-O 12. Rd1 Bxb5 13. Qxb5 Rb8 14. Qe2 Qa5 15. Qd3 Rfc8 16. h3 h6 17. e4 dxe4 18. Nxe4 Rd8 19. Nxf6+ Bxf6 20. Qf1 Rxd1 21. Qxd1 Bxb2 22. Rb1 Rd8 23. Qc2 Qe1+ 24. Kh2 Be5+ 25. f4 Bd4 26. Bb2 Qe3 27. Rf1 Bxb2 28. Qxb2 Rd2 29.
Qb8+ Kh7 30. Qb1+ g6 31. Qb7 Kg7 32. a4 Qe2 33. Rg1 Qf2 34. Qe4 Re2 35. Qc4 Re3 36. Qd4+ Kh7 37. Qf6 Qg3+ 38. Kh1 Kg8 39. Rd1 Re1+ 40.
Rxe1 Qxe1+ 41. Kh2 Qe4 42. a5 Qf5 43. Qd8+ Kg7 44.
Qd4+ Kh7 45. a6 g5 46. fxg5 hxg5 47. Qxa7 Qf4+ 48. Kh1 Qc1+ 49. Qg1 Qa3 50. a7 Kg7 51. Qd4+ f6 52. Qd7+ Kg6 53. Qe8+ Kf5 54. a8=Q Qc1+ 55.
Kh2 Qf4+ 56. g3 Qf2+ 57. Qg2 1-0

[Event "*** Titled Tuesday Blitz"]
[Site "Chess.com"]
[Date "2019.05.07"]
[Round "8"]
[White "XiaoKangZhong"]
[Black "TheGandhiOfChess"]
[Result "1-0"]
[WhiteElo "2248"]
[BlackElo "2374"]
[TimeControl "180+2"]
[EndTime "14:54:30 PDT"]
[Termination "XiaoKangZhong won by checkmate"]

1. e4 e5 2. Nf3 Nc6 3. Bc4 Nf6 4. d3 Be7 5. O-O O-O 6. c3 d6 7. Re1 a6 8. Bb3 Na5 9. Bc2 c5 10. d4 cxd4 11. cxd4 Bg4 12. dxe5 Bxf3 13. Qxf3 dxe5 14. Nc3 Nc6 15. Qg3 Nd4 16. Bd1 Kh8 17. Be3 Qa5 18.
Qg5 Ng8 19. Qh5 f5 20. exf5 Rxf5 21. Qh3 Raf8 22. Bg4 R5f7 23. Bxd4 exd4 24. Ne4 Rf4 25. Be6 Qe5 26. Bxg8 Kxg8 27. Qb3+ Kh8 28. Qxb7 d3 29.
Ng3 Qd4 30. Qxe7 Rxf2 31. Kh1 d2 32. Red1 Qxb2 33. Rab1 Qxa2 34. Rb7 R2f7 35. Qxf7 Qxf7 36. Rxf7 Rxf7 37. Rxd2 Ra7 38. h3 g6 39. Ra2 Kg7 40. Ra5 Kf6 41. Ne4+ Kg7 42. Nc5 Kh6 43. Rxa6 Rf7 44.
Ne4 Rf5 45. Kh2 Kh5 46. g4+ Kh4 47. gxf5 h5 48. f6 g5 49. f7 g4 50. f8=Q g3+ 51. Nxg3 Kg5 52. Qf6# 1-0

[Event "*** Titled Tuesday Blitz"]
[Site "Chess.com"]
[Date "2019.05.07"]
[Round "8"]
[White "Denis_Palkovich"]
[Black "Roenko_Artur"]
[Result "0-1"]
[WhiteElo "2242"]
[BlackElo "2211"]
[TimeControl "180+2"]
[EndTime "14:54:30 PDT"]
[Termination "Roenko_Artur won by checkmate"]

1. d4 d5 2. Bf4 Nf6 3. e3 c5 4. c3 Nc6 5. Nd2 e6 6. Bd3 Bd6 7.
Bxd6 Qxd6 8. f4 O-O 9. Ngf3 Ne7 10. O-O a6 11. a4 b6 12. Ne5 Bb7 13. Qf3 g6 14. g4 Kg7 15. g5 Nh5 16. Rf2 Nf5 17. Bxf5 exf5 18. Nf1 f6 19. gxf6+ Nxf6 20. Ng3 b5 21. h4 h5 22. Rg2 Ng4 23. Ne2 c4 24. Qg3 Rfd8 25. Kh1 b4 26. Ng1 a5 27. Re1 Bc6 28. Ngf3 Bxa4 29. Nxg4 hxg4 30. Ne5 Rh8 31. Rh2 Bc2 32. Kg2 Be4+ 33. Kf2 bxc3 34. bxc3 Rab8 35. Re2 Rb1 36. Rg2 Bxg2 37. Kxg2 Qf6 38. Ra2 Qxh4 39. Qxh4 Rxh4 40. Rxa5 Rb2+ 41. Kg1 Rh3 42. Ra7+ Kg8 43. Ra8+ Kg7 44. Ra7+ Kf6 45. Ra6+ Ke7 46. Nxg6+ Kd8 47. Rd6+ Kc7 48. Rxd5 Rxe3 49. Rc5+ Kb6 50. Rxc4 Re1# 0-1

[Event "*** Titled Tuesday Blitz"]
[Site "Chess.com"]
[Date "2019.05.07"]
[Round "8"]
[White "chessking2151"]
[Black "Taron_Shagbazyan"]
[Result "0-1"]
[WhiteElo "2597"]
[BlackElo "2733"]
[TimeControl "180+2"]
[EndTime "14:54:34 PDT"]
[Termination "Taron_Shagbazyan won by resignation"]

1. e4 e5 2. Nf3 Nc6 3. Bb5 a6 4. Ba4 Nf6 5. O-O Be7 6. Re1 b5 7. Bb3 d6 8. c3 O-O 9. h3 Nb8 10. d4 Nbd7 11. Nbd2 Bb7 12. Bc2 c6 13. b3 Re8 14. Bb2 Bf8 15. Bd3 Qb6 16. a4 g6 17.
Qc2 Bg7 18. c4 Nh5 19. d5 cxd5 20. cxd5 Rac8 21. Qb1 Bh6 22. a5 Qa7 23. Nf1 Rc7 24.
Ba3 Nc5 25. Be2 Rec8 26. Bb4 Nf4 27. Ng3 Bf8 28. Bf1 h5 29. Ne2 Nfd3 30. Bxc5 Nxc5 31. Rd1 Bh6 32. Ng3 Nd7 33. Bd3 Rc3 34. Qb2 Nf6 35. Ne2 R3c7 36. Ng3 Qc5 37. Qe2 Qb4 38. Rab1 Qxa5 39.
Nh4 Bf4 40. Ngf5 gxf5 41. Nxf5 Qa3 42. g3 Bc1 43. Kg2 Kf8 44. h4 Ng4 45. f3 Nf6 46.
g4 Bf4 47. g5 Ng8 48. Ng3 Ne7 49. Nxh5 Ng6 50. Kh3 Rc1 51. Nf6 Rxb1 52. Rxb1 Rc1 53. Rxc1 Qxc1 54. Qf1 Bc8+ 55. Ng4 Qd2 56. Qe2 Bxg5 57.
Qxd2 Bxd2 0-1

[Event "*** Titled Tuesday Blitz"]
[Site "Chess.com"]
[Date "2019.05.07"]
[Round "8"]
[White "volcanoexplorer"]
[Black "aa175"]
[Result "1-0"]
[WhiteElo "2594"]
[BlackElo "1964"]
[TimeControl "180+2"]
[EndTime "14:54:34 PDT"]
[Termination "volcanoexplorer won on time"]

1. e4 e5 2. Nf3 Nc6 3. Bc4 Nf6 4. d3 Bc5 5. O-O d6 6. c3 Bg4 7. Nbd2 a6 8. Bb3 Qd7 9. Re1 h5 10. Nf1 h4 11. Be3 h3 12. g3 Bxe3 13. Nxe3 O-O-O 14.
Qe2 Nh5 15. Nxg4 Qxg4 16. Nh4 Qxe2 17. Rxe2 Nf4 18. Rd2 Rxh4 19. gxh4 Rh8 20. Bxf7 Rxh4 21. f3 Nd8 22. Bb3 Rh5 23. Kf2 Ng2 24. d4 Rg5 25.
dxe5 dxe5 26. Rad1 Nc6 27. Be6+ Kb8 28. Bxh3 Nf4 29.
Bg4 Rg6 30. Rd7 Rh6 31. h3 Nxh3+ 32. Bxh3 Rxh3 33. Rxg7 Na5 34. Rd8+ Ka7 35. Kg2 Rh6 36. Rxc7 Rg6+ 37. Kf2 Rh6 38. Rg8 Rd6 39. Ke2 Rh6 40. b4 Nc6 41. Rgg7 Rh2+ 42. Kd3 Nd8 43. Rgd7 Ne6 44. Rxb7+ Ka8 45. Ra7+ Kb8 46. Rxa6 Rh1 47. Kc4 Nc7 48. Rb6+ Kc8 49. Rg7 Rf1 50. Rc6 Rxf3 51. Rcxc7+ Kb8 52. Rcf7 Rxf7 53. Rxf7 1-0

[Event "*** Titled Tuesday Blitz"]
[Site "Chess.com"]
[Date "2019.05.07"]
[Round "8"]
[White "Thee-Chessboy"]
[Black "AliKa2810"]
[Result "1/2-1/2"]
[WhiteElo "2381"]
[BlackElo "2485"]
[TimeControl "180+2"]
[EndTime "14:54:36 PDT"]
[Termination "Game drawn by agreement"]

1. d4 Nf6 2. c4 g6 3. Nf3 Bg7 4. g3 O-O 5. Bg2 c5 6. O-O cxd4 7. Qxd4 d5 8. Qh4 dxc4 9. Nc3 Nc6 10. Bh6 Bxh6 11.
Qxh6 Nd4 12. Rad1 Nxf3+ 13. Bxf3 Qb6 14. Rd2 Bg4 15. Bxg4 Nxg4 16. Qf4 Nf6 17. Qxc4 Rac8 18. Qb5 Qxb5 19. Nxb5 a6 20. Nc3 Rfd8 21. Rfd1 Rxd2 22. Rxd2 b5 23. a3 Kg7 24. e4 Rc4 25. e5 Ne4 26.
Nxe4 Rxe4 27. f4 g5 28. fxg5 Rxe5 29. h4 Re3 30. Kf2 Rb3 31. Re2 e6 32. Kg2 Kg6 33. Rf2 a5 34. Kh3 a4 35. Kg4 h5+ 36. gxh6 Kxh6 37.
Rxf7 Rxb2 38. Rf6+ Kg7 39. Rxe6 Rb3 40. Rb6 b4 41. axb4 a3 42. Ra6 Rxb4+ 43. Kg5 Rb5+ 44.
Kg4 Rb4+ 45. Kh3 Rb3 46. h5 Rc3 47. Kh4 Rc4+ 48. g4 Rc3 49. h6+ Kh7 50. g5 Rb3 51. Ra7+ Kg6 52. Rg7+ Kf5 53. h7 Rb1 54. g6 a2 55. Ra7 Rh1+ 56. Kg3 Kxg6 57. Rxa2 Rxh7 1/2-1/2

[Event "*** Titled Tuesday Blitz"]
[Site "Chess.com"]
[Date "2019.05.07"]
[Round "8"]
[White "sergeikim"]
[Black "kikoveiga"]
[Result "1-0"]
[WhiteElo "2460"]
[BlackElo "2267"]
[TimeControl "180+2"]
[EndTime "14:54:36 PDT"]
[Termination "sergeikim won by checkmate"]

1. d4 Nf6 2. c4 g6 3. Nc3 d5 4. cxd5 Nxd5 5. e4 Nxc3 6. bxc3 Bg7 7. Bc4 c5 8. Ne2 O-O 9. O-O Nc6 10. Be3 Bg4 11. f3 Bd7 12. Qd2 Qa5 13. d5 Ne5 14.
Bb3 Bb5 15. Rad1 Nc4 16. Bxc4 Bxc4 17. Rc1 e6 18. Rfd1 exd5 19. exd5 b6 20. Ng3 Rad8 21. d6 Qxa2 22. Rc2 Qa4 23. Rcc1 f5 24. Bh6 Qd7 25.
Bxg7 Qxg7 26. Qf4 Bb3 27. Re1 a5 28. h4 Qf6 29. Qh6 Qxd6 30. Kh2 Rfe8 31. h5 Bf7 32.
Qg5 a4 33. f4 Kh8 34. Rcd1 Qxd1 35. Rxd1 Rxd1 36. Qf6+ Kg8 37. h6 Kf8 38. Qxb6 a3 39. Qxc5+ Kg8 40. Qxa3 Rd2 41. Qa4 Rb8 42. Qa7 Re8 43. Nf1 Rc2 44. Qd4 Kf8 45. Ne3 Re4 46. Qd8+ Be8 47. Nd5 Ree2 48. Qf6+ Bf7 49. Qh8+ Bg8 50.
Qg7+ Ke8 51. Nf6+ Kd8 52. Qd7# 1-0

[Event "*** Titled Tuesday Blitz"]
[Site "Chess.com"]
[Date "2019.05.07"]
[Round "8"]
[White "Casablanca"]
[Black "NM2019"]
[Result "0-1"]
[WhiteElo "2146"]
[BlackElo "2148"]
[TimeControl "180+2"]
[EndTime "14:54:44 PDT"]
[Termination "NM2019 won by checkmate"]

1. d4 e6 2. e4 f5 3. exf5 exf5 4. Nf3 d5 5. Be2 Nf6 6. O-O Bd6 7. Re1 O-O 8. Bg5 h6 9. Bxf6 Qxf6 10. Bd3 Nc6 11. c3 Be6 12. Nbd2 Rae8 13. Qc2 g5 14. Bb5 g4 15. Bxc6 bxc6 16. Ne5 c5 17. Re2 cxd4 18.
cxd4 c5 19. Rae1 c4 20. f4 Bf7 21. Nb1 Bc7 22. Nc3 Bb6 23. Qd2 Kg7 24. Na4 Bg6 25.
Nxb6 Qxb6 26. Nxg6 Rxe2 27. Rxe2 Kxg6 28. Qe3 Rf7 29.
Qe5 Qc6 30. Kf2 h5 31. g3 a5 32. Ke1 a4 33. Kd2 a3 34. Qe6+ Qxe6 35. Rxe6+ Kg7 36.
bxa3 Ra7 37. Re5 Kg6 38. Rxd5 Rxa3 39. Rd6+ Kf7 40. Rc6 Rxa2+ 41. Kc3 Rg2 42. Kxc4 Rxh2 43. Rc7+ Ke6 44. Rc6+ Kd7 45. Rf6 Rg2 46. Rxf5 Rxg3 47. Rxh5 Rf3 48. f5 Ke7 49. Rg5 g3 50. Rg8 Kf6 51.
Rf8+ Kg5 52. Rg8+ Kxf5 53. Kd5 Ra3 54. Kc6 Ke4 55. Rg4+ Kf3 56. Rg5 g2 57. d5 Ra4 58.
Rf5+ Rf4 59. Rg5 Rg4 60. Rf5+ Ke4 61. Rf8 g1=Q 62. Re8+ Kd4 63. d6 Qc1+ 64. Kd7 Rg7+ 65. Re7 Rg6 66. Rh7 Qc5 67. Rh4+ Ke3 68. Rh3+ Kf4 69.
Rh4+ Kg3 70. Re4 Qxd6+ 71. Ke8 Re6+ 72. Rxe6 Qxe6+ 73. Kf8 Qd7 74. Kg8 Kf4 75. Kf8 Kg5 76.
Kg8 Kg6 77. Kf8 Qf7# 0-1

[Event "*** Titled Tuesday Blitz"]
[Site "Chess.com"]
[Date "2019.05.07"]
[Round "8"]
[White "GremioPrudente"]
[Black "Witik"]
[Result "0-1"]
[WhiteElo "2119"]
[BlackElo "2583"]
[TimeControl "180+2"]
[EndTime "14:54:45 PDT"]
[Termination "Witik won on time"]

1. Nf3 d5 2. d4 e6 3. c4 c6 4. e3 Bd6 5. Bd3 f5 6. O-O Nf6 7. b3 Qe7 8. Ne5 O-O 9. Nd2 b6 10. Ndf3 Ne4 11. Nd2 Bb7 12. f3 Nf6 13. f4 Ne4 14. Ndf3 a5 15. a4 Na6 16. Bd2 Nb4 17. Bxb4 axb4 18. Qc2 c5 19. Rac1 Kh8 20. Rce1 Rf6 21.
Bxe4 dxe4 22. Ng5 Raf8 23. Nh3 h6 24. Re2 g5 25. fxg5 hxg5 26. Ref2 Rh6 27. Qe2 cxd4 28. exd4 f4 29. Qg4 Rg8 30. a5 Rh4 31. Nxf4 gxf4 32. Ng6+ Rxg6 33. Qxg6 e3 34. Re2 f3 35. gxf3 Bf4 36.
Qg2 bxa5 37. Qg6 Rh7 38. Rg2 Rg7 39. Qh5+ Kg8 40. Rxg7+ Qxg7+ 41. Qg4 e2 42. Qxg7+ Kxg7 43. Re1 Bxf3 44. Kf2 Bh5 45. h4 Kf6 46. d5 exd5 47. c5 Ke7 48. c6 Kd6 49. c7 Kxc7 50. Ra1 Bd2 0-1

[Event "*** Titled Tuesday Blitz"]
[Site "Chess.com"]
[Date "2019.05.07"]
[Round "8"]
[White "PotapovaM"]
[Black "Ind1anStar"]
[Result "1-0"]
[WhiteElo "2474"]
[BlackElo "2462"]
[TimeControl "180+2"]
[EndTime "14:54:48 PDT"]
[Termination "PotapovaM won by resignation"]

1. d4 Nf6 2. c4 e6 3. Nf3 d5 4. Nc3 Be7 5. Bf4 O-O 6. e3 b6 7.
cxd5 exd5 8. Bd3 Bb7 9. Ne5 c5 10. O-O Nbd7 11. Rc1 Rc8 12. Qf3 a6 13. Qh3 h6 14. Bf5 Bc6 15. Nxc6 Rxc6 16. Bxd7 Nxd7 17. Nxd5 Bd6 18. Bxh6 Bxh2+ 19. Qxh2 Rxh6 20. Qg3 cxd4 21. exd4 Nb8 22. Ne3 Rg6 23. Qf4 Nc6 24. d5 Rf6 25.
Qg3 Nd4 26. Rfe1 Re8 27. Qg4 Nb5 28. Nf5 Rg6 29. Rxe8+ Qxe8 30. Rc8 Rxg4 31. Rxe8+ Kh7 32. d6 Nxd6 33. Nxd6 Rd4 34. Nxf7 Rd1+ 35. Kh2 Rd2 36. Ng5+ Kg6 37. Ne4 Rxb2 38. a3 Rb3 39. f3 b5 40.
Re6+ Kf5 41. Rxa6 Ke5 42. Kg3 Kd4 43. Kf4 Rb2 44. g4 Kc4 45. Ke5 Re2 46. Kf5 Re3 47.
Kg6 Kd4 48. Ng5 Re5 49. f4 Rc5 50. Ne6+ Kc4 51. Nxc5 Kxc5 52. Kxg7 b4 53. axb4+ Kxb4 54. Rf6 1-0

[Event "*** Titled Tuesday Blitz"]
[Site "Chess.com"]
[Date "2019.05.07"]
[Round "8"]
[White "FancyPlaySyndrome"]
[Black "BlueWizzard"]
[Result "1-0"]
[WhiteElo "2539"]
[BlackElo "2732"]
[TimeControl "180+2"]
[EndTime "14:54:50 PDT"]
[Termination "FancyPlaySyndrome won by resignation"]

1. e4 a6 2. d4 g6 3. Bd3 Bg7 4. Ne2 Nc6 5. c3 d6 6. Nd2 e5 7. Nf3 Bg4 8. d5 Nb8 9. Nd2 Ne7 10.
h3 Bxe2 11. Qxe2 Nd7 12. b4 a5 13. Nc4 axb4 14. cxb4 O-O 15. O-O Nxd5 16. exd5 e4 17. Bb2 exd3 18. Qxd3 Bxb2 19. Nxb2 Ne5 20. Qc3 Re8 21.
a4 f5 22. Rac1 Re7 23. f4 Nf7 24. Rfe1 Rxe1+ 25. Rxe1 Qh4 26. Qe3 g5 27. fxg5 Ne5 28. Rf1 Qxb4 29. Rf2 Re8 30. Qf4 Qxf4 31. Rxf4 c6 32.
dxc6 bxc6 33. Rxf5 c5 34. Rf6 Rb8 35. Nd1 d5 36.
Kh2 d4 37. Nf2 d3 38. Re6 Rb2 39. Kg3 Nc4 40. Rc6 Rb4 41. Rxc5 Nb2 42. Rd5 Rxa4 43.
h4 Ra3 44. Kg4 Kf7 45. Ne4 Ke6 46. Rd8 Ke5 47. Nf6 Ra4+ 48. Kh5 Rd4 49. Ng4+ Ke4 50. Nf2+ Ke3 51. Rxd4 Kxd4 52. Nxd3 Nxd3 53. Kh6 Ke5 54. Kxh7 Kf5 55. g6 Ne5 56. g7 Nd7 57. g8=Q Nf6+ 58.
Kg7 Nxg8 59. Kxg8 Kg4 60. g3 1-0

[Event "*** Titled Tuesday Blitz"]
[Site "Chess.com"]
[Date "2019.05.07"]
[Round "8"]
[White "Shant_Sargsyan"]
[Black "platy3"]
[Result "0-1"]
[WhiteElo "2954"]
[BlackElo "2803"]
[TimeControl "180+2"]
[EndTime "14:54:52 PDT"]
[Termination "platy3 won on time"]

1. d4 Nf6 2. c4 e6 3. Nf3 d5 4.
Nc3 c6 5. Bg5 Nbd7 6. e3 h6 7.
Bh4 Be7 8. Rc1 b6 9. cxd5 exd5 10. Bd3 Bb7 11. O-O O-O 12. Qe2 a5 13. Rfe1 Re8 14.
Bb1 a4 15. Qc2 a3 16. b3 Nf8 17. Ne5 c5 18. Qf5 Rc8 19. Nb5 Ba6 20. Na7 Rc7 21. Nac6 Qd6 22. Nxe7+ Rcxe7 23. f4 Bc8 24. Qc2 cxd4 25.
exd4 Ba6 26. Qf5 Qe6 27. Qc2 Qd6 28. g4 Rc8 29. Qf5 Rxc1 30. Rxc1 Rc7 31. Re1 Bc8 32. Qd3 Nxg4 33. Bg3 Nf6 34. f5 Qb4 35. Rf1 Rc3 36. Be1 Rxd3 37. Bxb4 Rxd4 38. Bxa3 Rd2 39. Nc6 Bd7 40. Bb4 Re2 41. Ne7+ Kh7 42. Nxd5 Nxd5 43.
Bxf8 Ne3 44. Rc1 Rg2+ 45. Kh1 Rf2 46. f6+ g6 47. Bd6 Bc6+ 48. Kg1 Rg2+ 49. Kh1 Rc2+ 0-1

[Event "*** Titled Tuesday Blitz"]
[Site "Chess.com"]
[Date "2019.05.07"]
[Round "8"]
[White "spicycaterpillar"]
[Black "Casper_Schoppen"]
[Result "1-0"]
[WhiteElo "2832"]
[BlackElo "2664"]
[TimeControl "180+2"]
[EndTime "14:54:58 PDT"]
[Termination "spicycaterpillar won by resignation"]

1. e4 c5 2. Nf3 Nc6 3. d4 cxd4 4. Nxd4 Nf6 5. Nc3 e5 6. Ndb5 d6 7. Bg5 a6 8. Na3 b5 9. Bxf6 gxf6 10. Nd5 f5 11.
Bd3 Be6 12. O-O Bxd5 13. exd5 Ne7 14. Re1 Bg7 15. c3 O-O 16. Nc2 e4 17. Bf1 Ng6 18. Qh5 Qd7 19. Ne3 f4 20. Qf5 Qe7 21. Nc2 Rae8 22.
Bd3 Qh4 23. Rxe4 Re5 24. Rxe5 Bxe5 25. Ne1 Qf6 26. Qh5 b4 27. cxb4 Bxb2 28. Rb1 Rc8 29. Nf3 Rc1+ 30. Rxc1 Bxc1 31. h4 Kg7 32. Qg4 Kh6 33.
Qg5+ Qxg5 34. hxg5+ Kg7 35. Bxa6 Ba3 36. b5 Bc5 37. a4 Bb6 38. Kf1 f6 39. Bc8 fxg5 40.
Nxg5 Ne5 41. Ne6+ Kf6 42. Nxf4 Ng4 43. Nd3 Ne5 44. Nxe5 Kxe5 45. Be6 h6 46. g3 Ke4 47.
Kg2 Ke5 48. f3 Kf6 49. Kh3 Kg5 50. f4+ Kg6 51. Kg4 Kf6 52. Kf3 h5 53. Bd7 Kg6 54. Be8+ Kh6 55. Bf7 Ba5 56. Be8 Bd8 57. Ke4 Ba5 58.
Kf5 1-0

[Event "*** Titled Tuesday Blitz"]
[Site "Chess.com"]
[Date "2019.05.07"]
[Round "8"]
[White "HansCoolNiemann"]
[Black "Simoncelli15"]
[Result "1-0"]
[WhiteElo "2510"]
[BlackElo "2288"]
[TimeControl "180+2"]
[EndTime "14:54:59 PDT"]
[Termination "HansCoolNiemann won by resignation"]

1. d4 Nf6 2. c4 g6 3. Nc3 Bg7 4.
Nf3 d6 5. e4 O-O 6. Be2 e5 7.
dxe5 dxe5 8. Qxd8 Rxd8 9. Bg5 Re8 10. O-O-O Na6 11. Ne1 c6 12. f3 Nc7 13. Nc2 Nd7 14.
Be3 Ne6 15. Rd2 a5 16. Rhd1 Ndc5 17. b3 h5 18. Kb2 b6 19. g3 Ra7 20. Bf1 Rd7 21.
Bh3 Rxd2 22. Rxd2 Bf8 23. a3 Ba6 24. b4 Bxc4 25. bxc5 Nxc5 26. Ne1 b5 27. Bd7 Nxd7 28. Rxd7 b4 29. axb4 axb4 30. Na4 Ra8 31. Nb6 Ra2+ 32. Kb1 Be6 33. Rd2 Ra3 34. Nd3 b3 35. Bc5 Ra6 36. Be3 Ba3 37. Nxe5 Kg7 38. Nec4 Bb4 39. Bd4+ Kh7 40. Rb2 c5 41. Be5 Ra2 42. Rxa2 bxa2+ 43. Kxa2 Ba5 44. Kb1 Be1 45. Nd5 Bf2 46. Kc2 h4 47. gxh4 Bxh4 48. Bg3 Bd8 49. Kd3 Kg7 50. Be5+ f6 51.
Bg3 Kf7 52. Nce3 Ba5 53. Kc4 g5 54. Kb5 Bd2 55. Kxc5 Bc1 56. Nc4 Kg7 57. Nd6 Ba3+ 58. Kc6 Kg6 59. Be1 g4 60. f4 f5 61. exf5+ Bxf5 62. Ne7+ 1-0